[Event "71st Greek Championship 2022"]
[Site "Athens"]
[Date "2022.12.04"]
[Round "2.4"]
[White "Moutousis, Konstantinos"]
[Black "Trimitzios, Petros"]
[Result "1/2-1/2"]
[ECO "C30"]
[WhiteElo "2392"]
[BlackElo "2358"]
[Annotator "TA"]
[PlyCount "91"]
[EventDate "2022.12.04"]
[EventType "tourn"]
[EventCountry "GRE"]
[SourceTitle "playchess.com"]
[Source "ChessBase"]
[SourceQuality "1"]
[TimeControl "40/5400+30:1800+30"]

1. e4 e5 2. Bc4 Nc6 3. Nc3 Nf6 4. d3 Bc5 5. f4 d6 6. Nf3 a6 $1 {[%emt 0:04:03][%mdl 4] is currently scoring better than 6...Bg4.} 7. f5 h6 8. a3 {[%emt 0:00:25] C30: King's Gambit Declined.} Qe7 9. Nd5 {[%emt 0:18:02] Against g6} Nxd5 10. Bxd5 {[%emt 0:00:03] The position is equal.} Bd7 11. c3 {[%emt 0:00:20] [#]} Bb6 $146 ({Predecessor:} 11... O-O-O 12. Qe2 g6 13. b4 Bb6 14. fxg6 fxg6 15. Be3 Bxe3 16. Qxe3 Nb8 17. O-O Rdf8 {1-0 (35) Emms,J (2500)-Olesen,M (2340) Hillerod 1995}) 12. Rf1 O-O-O 13. g3 Qe8 14. Qe2 Ne7 {[%emt 0:01:48] [#] aiming for ...Nxd5.} 15. Ba2 Bc6 16. Be3 Bxe3 17. Qxe3 Kb8 18. O-O-O f6 19. d4 Qh5 20. d5 (20. g4 $5 Qe8 21. Be6 $11) 20... Bd7 21. Bc4 Qf7 22. Bd3 c6 23. c4 c5 24. b4 b6 25. bxc5 bxc5 26. Qe1 {[%emt 0:01:51] [#] Hoping for Qa5.} Ka7 $1 27. Qa5 Rc8 {[%emt 0:00:02] Inhibits Qc7+.} (27... Rb8 {is interesting.} 28. Kd2 Rb6 29. Rb1 Rhb8) 28. Nd2 {[%emt 0:09:16][%cal Bf3d2,Bd2b1,Bb1c3][%mdl 32] White is more active.} Qe8 29. Nb1 Qd8 30. Qxd8 Rcxd8 31. Nc3 Rb8 32. Bc2 Rb7 33. Kd2 Rhb8 34. Rb1 Nc8 35. Rxb7+ Rxb7 36. Rb1 Nb6 37. Bd3 Be8 38. Rg1 Ba4 39. Rb1 {[%emt 0:00:16][%cal Ob1b6] Inhibits Bb3. Strongly threatening Rxb6!} Bd7 40. g4 Nc8 41. Rxb7+ Kxb7 42. h4 Kb6 43. Bc2 Ka5 44. Bb3 Nb6 45. Kc2 Be8 46. h5 {[%emt 0:04:55] Weighted Error Value: White=0.10 (very precise) /Black=0.10 (very precise)} 1/2-1/2

[Event "71st Greek Championship 2022"]
[Site "Athens"]
[Date "2022.12.04"]
[Round "2.5"]
[White "Naoum, Spyridon"]
[Black "Mitsis, Georgios"]
[Result "0-1"]
[ECO "E20"]
[WhiteElo "2352"]
[BlackElo "2365"]
[Annotator "TA"]
[PlyCount "75"]
[EventDate "2022.12.04"]
[EventType "tourn"]
[EventCountry "GRE"]
[SourceTitle "playchess.com"]
[Source "ChessBase"]
[SourceQuality "1"]
[TimeControl "40/5400+30:1800+30"]

1. d4 Nf6 2. c4 e6 3. Nc3 Bb4 4. g3 O-O 5. Bg2 d5 6. Nf3 dxc4 7. O-O c5 8. dxc5 {[%emt 0:04:09] E20: Nimzo-Indian: 4 g3 and 4 f3.} Nc6 9. Qa4 Nd7 {[%emt 0:11:42] Inhibits Ne5.} (9... Bd7 $11) 10. Be3 $14 {[%emt 0:17:19] White is slightly better.} Qe7 11. Nd4 Nxd4 12. Bxd4 Bxc5 13. Qxc4 Bxd4 14. Qxd4 {[%emt 0:00:02] [#]} Nb6 $146 ({Predecessor:} 14... Nf6 15. Rfd1 e5 16. Qd6 Qxd6 17. Rxd6 Be6 18. Bxb7 Rab8 19. Bf3 Rxb2 20. Ra6 Rc8 {½-½ (28) Gostisa,L (2420)-Orel,O (2335) Portoroz 1989}) 15. Rac1 Rd8 16. Qe3 Rb8 17. Nb5 Bd7 18. Rc7 $2 {[%emt 0:01:20] [#]} (18. Nxa7 $16 Qb4 19. Rfd1) 18... Qb4 (18... Na8 $17 19. Rc5 (19. Rxb7 $2 {perishes.} Rxb7 20. Bxb7 Bxb5 $19) 19... b6) 19. Nc3 Qxb2 20. h4 ({Better is} 20. Bxb7 $11 Qa3 21. Rd1) 20... Rdc8 21. Rxc8+ Rxc8 ({But not} 21... Bxc8 22. Qe5 Ra8 23. Rd1 $14) 22. Ne4 Qxa2 {[%emt 0:02:11] Black is more active.} (22... Bc6 {keeps more tension.} 23. Nd6 Rf8 24. Nxb7 Nd5) 23. Nd6 Rf8 24. Nxb7 (24. Bxb7 $11 Nd5 25. Qe5) 24... Bb5 $36 {[%emt 0:00:48][%mdl 2048] Black is really pushing.} 25. Bf3 Nc4 26. Qg5 a6 (26... Qb2 {simplifies} 27. Qc1 Qb4 28. Qb1 Qxb1 29. Rxb1 a6) 27. Rd1 h6 28. Qe7 {[%emt 0:00:43] Now White is beyond hope.} (28. Qc5 $17 {was worth a try.}) 28... Nd2 29. Bh5 (29. Qc7 {was called for.}) 29... Qd5 30. Nd6 $2 (30. Qd6 Qxh5 31. Rxd2) 30... Qxh5 31. Rxd2 Bxe2 {[%emt 0:00:23] ...Bf3 is the strong threat.} 32. Ne8 {[%emt 0:04:28] [#]} Bb5 $1 33. Nc7 (33. Rd8 Rxe8 34. Rxe8+ Bxe8 35. Qxe8+ Kh7 36. Qd7) 33... Qe5 $19 {[%emt 0:00:42] Strongly threatening ...Qe1+.} 34. Kh2 Qe1 {[%emt 0:00:44] ( -> ...Bc6)} 35. Rc2 {[%emt 0:00:34] Against Bc6} Bd3 36. Qc5 Bxc2 37. Qxc2 Rc8 38. Qc5 {[%emt 0:00:29] Weighted Error Value: White=0.99/Black=0.40} 0-1

[Event "71st Greek Championship 2022"]
[Site "Athens"]
[Date "2022.12.05"]
[Round "3.1"]
[White "Mitsis, Georgios"]
[Black "Skembris, Spyridon"]
[Result "1-0"]
[ECO "D94"]
[WhiteElo "2365"]
[BlackElo "2381"]
[Annotator "TA"]
[PlyCount "99"]
[EventDate "2022.12.04"]
[EventType "tourn"]
[EventCountry "GRE"]
[SourceTitle "playchess.com"]
[Source "ChessBase"]
[SourceQuality "1"]
[TimeControl "40/5400+30:1800+30"]

1. d4 d5 2. Nf3 Nf6 3. c4 c6 4. e3 g6 5. Nc3 Bg7 6. Be2 O-O 7. O-O Be6 {[%emt 0:00:18] 7...a6 is a critical line.} 8. b3 c5 {[%emt 0:14:14] D94: Grünfeld: 4 Nf3 Bg7 5 e3.} 9. dxc5 Ne4 {[%emt 0:08:32] [#]} 10. Nxe4 Bxa1 {[%emt 0:00:17] White is better.} (10... dxe4 11. Nd4) 11. Neg5 (11. cxd5 Bxd5 12. Qc2 Qc7 $15) 11... Bf6 12. Nxe6 {[%emt 0:07:23] White is more active.} fxe6 13. Nd4 dxc4 (13... Bxd4 $16 14. exd4 Rf6) 14. Bxc4 $18 {[%emt 0:01:18] [#]} Kh8 $146 ({Predecessor:} 14... Nc6 15. Nxe6 Qxd1 16. Nxf8+ {1-0 (16) Pavlovic,D (2407)-Bojkovic,S (2216) Kraljevo 2014}) 15. Qg4 (15. Nxe6 $6 Qxd1 16. Rxd1 Rc8 $18) (15. Bxe6 Nc6 $14) 15... e5 16. Ne6 Qc8 17. Qe4 {[%emt 0:00:29] Against Nc6} Re8 18. g4 Nd7 19. g5 Nxc5 20. Qh4 (20. Nxc5 $18 Qxc5 21. gxf6 exf6 22. Qxb7) 20... Nxe6 $15 21. gxf6 exf6 22. Qxf6+ Ng7 23. Qh4 {[%emt 0:02:43] Inhibits Qg4+.} Qd8 24. Qg4 Qf6 25. Bb2 $1 Qf5 26. Qg2 Re7 (26... Rad8 $15) 27. f4 $11 e4 28. Bd4 (28. Rd1 $11) 28... b5 (28... h6 $17 {Threatens to win with ...Rd8.} 29. Be2 Kh7) 29. Be2 {[%emt 0:00:05] This pair of bishops is nice.} h5 (29... Kg8 {simplifies} 30. Be5 Rxe5 31. fxe5 Qxe5 32. Qg3 Re8) 30. Rc1 Kh7 31. Rc5 Qf7 {[%emt 0:00:35] Strongly threatening ...Rd8.} 32. Rxb5 (32. Bxg7 $11 {remains equal.} Qxg7 33. Bxb5) 32... Rc8 ({Black should play} 32... Rd8 $1 $17 {...Nf5 is the strong threat.} 33. Bc4 Rxd4 $1 34. exd4 (34. Bxf7 $2 Rd1+ $19) 34... Qxf4) 33. Bc4 $36 {[%emt 0:04:04][%mdl 2048] Black is under pressure.} Rxc4 34. bxc4 Qxc4 35. Rb8 Qc1+ 36. Qf1 Qc7 37. Qb1 Qd7 38. Qd1 Qh3 $2 (38... a5 $11 {and Black stays safe.}) 39. Qb3 $18 Qg4+ {[%emt 0:00:28] [#]} 40. Kf2 $1 {[%emt 0:00:00] White threatens Qg8+ and mate.} Qf3+ (40... Re8 41. Rxe8 (41. Bxa7 Qh4+ 42. Kg2 Qg4+ 43. Kf2 Rxb8 $11) 41... Qh4+ 42. Kf1 Qh3+ 43. Ke1 Qh4+ 44. Kd1 Qg4+ 45. Kd2 Qg2+ 46. Kc3) 41. Ke1 Qh1+ 42. Kd2 Qxh2+ (42... Rc7 $2 43. Qg8+ Kh6 44. Qh8#) 43. Kc3 {[%emt 0:01:01] Intending Qg8+ and mate. Dancing on a razor blade.} Rc7+ 44. Kb4 {[%emt 0:00:26] Threatening mate with Qg8+.} g5 $2 (44... Qd2+ 45. Ka4 g5) 45. Qg8+ (45. fxg5 Qd6+ 46. Ka5 Kg6 $17) 45... Kg6 {[%emt 0:00:53] [#]} 46. Bxg7 $1 {[%emt 0:01:21][%mdl 64] Qe6+ would kill now. Remove Defender} ({Worse is} 46. f5+ Kxf5 47. Qd5+ (47. Bxg7 Qd6+ 48. Ka4 Rxg7 $17) (47. Rb5+ $2 Kg4 $19) 47... Kg4 $11) 46... Rxg7 47. Qe6+ {[%emt 0:00:13] White mates.} Kh7 48. Qf5+ Rg6 49. Rb7+ Kh8 50. Qf8+ {[%emt 0:00:30] Weighted Error Value: White=0.18 (very precise) /Black=0.34} 1-0

[Event "71st Greek Championship 2022"]
[Site "Athens"]
[Date "2022.12.05"]
[Round "3.2"]
[White "Trimitzios, Petros"]
[Black "Naoum, Spyridon"]
[Result "1-0"]
[ECO "E66"]
[WhiteElo "2358"]
[BlackElo "2352"]
[Annotator "TA"]
[PlyCount "65"]
[EventDate "2022.12.04"]
[EventType "tourn"]
[EventCountry "GRE"]
[SourceTitle "playchess.com"]
[Source "ChessBase"]
[SourceQuality "1"]
[TimeControl "40/5400+30:1800+30"]

1. Nf3 g6 2. g3 Bg7 3. d4 Nf6 4. Bg2 O-O 5. O-O d6 6. c4 Nc6 7. Nc3 a6 8. d5 Na5 9. Nd2 c5 10. Qc2 Rb8 11. Rb1 Bd7 12. b3 b5 13. Bb2 Bh6 {[%emt 0:02:15] E66: King's Indian: Fianchetto: 6...c5 7 0-0 Nc6 8 d5.} 14. f4 bxc4 15. bxc4 e5 (15... Qc7 $14) 16. dxe6 $16 {[%emt 0:14:34] [#]} Bxe6 $146 ({Predecessor:} 16... fxe6 17. Nce4 Ne8 18. Bc3 Rc8 19. Qd3 d5 20. cxd5 c4 21. Qe3 exd5 22. Nc5 Bf5 23. Ne6 Qd7 24. Nxf8 Bxf8 25. Qe5 Rc5 26. Rb8 Kf7 27. Rxe8 {1-0 (27) Neckar,L-Spesny,J Brno 1973}) 17. Nd5 Rxb2 18. Qxb2 (18. Rxb2 Bg7 $16) 18... Ng4 (18... Bg7 $16 {was worth a try.} 19. Qc1 Nxd5 20. cxd5 (20. Bxd5 Bd4+ 21. Kg2 Be3 $16) 20... Bd7) 19. Qa3 $18 {[%emt 0:15:39] And now Nb6 would win.} Bg7 20. Nb6 h5 21. h4 Bd4+ 22. Kh1 Nf2+ $2 {[%emt 0:04:20] [#]} (22... Qf6 23. Ne4 (23. Qxa5 Bc3 $16) 23... Qe7) 23. Rxf2 $1 {[%emt 0:00:06][%mdl 512] White is clearly winning.} Bxf2 {[%emt 0:00:01] [#]} 24. Kh2 $1 ({Less strong is} 24. Qxa5 Bxg3 25. Nf3 (25. Qxa6 {is a self mate.} Qxh4+) 25... Bg4 $16) 24... f5 (24... Nxc4 $142 25. Nbxc4 Kg7) 25. Qxa5 g5 26. hxg5 h4 27. gxh4 ({Weaker is} 27. Qxa6 hxg3+ 28. Kh1 Kg7 29. Qb7+ Kg6 $16) 27... Be3 28. Kg3 Qe8 29. Qc3 Bd4 30. Qd3 Rf7 31. e3 Rh7 32. exd4 Qh5 33. Kf2 {[%emt 0:00:06] Black got outplayed after the opening.   Weighted Error Value: White=0.23 (precise) /Black=0.82} 1-0

[Event "71st Greek Championship 2022"]
[Site "Athens"]
[Date "2022.12.05"]
[Round "3.3"]
[White "Marinakis, Hristos"]
[Black "Moutousis, Konstantinos"]
[Result "1/2-1/2"]
[ECO "B41"]
[WhiteElo "2118"]
[BlackElo "2392"]
[Annotator "TA"]
[PlyCount "239"]
[EventDate "2022.12.04"]
[EventType "tourn"]
[EventCountry "GRE"]
[SourceTitle "playchess.com"]
[Source "ChessBase"]
[SourceQuality "1"]
[TimeControl "40/5400+30:1800+30"]

1. e4 c5 2. Nf3 e6 3. d4 cxd4 4. Nxd4 a6 5. c4 d6 6. Nc3 Nf6 7. Be2 b6 8. O-O Bb7 9. f3 Nbd7 10. Be3 Rc8 {[%emt 0:20:37] B41: Sicilian: Kan Variation: 5 c4.} 11. a4 {[%emt 0:13:47][%cal Oa4a5] [#]} Rg8 $146 ({Better is} 11... Be7 $14) ({Predecessor:} 11... Be7 12. a5 bxa5 13. Nb3 O-O 14. Nxa5 Ba8 15. Qd2 Qc7 16. Rfc1 Qb8 17. b4 d5 18. cxd5 exd5 19. Bxa6 Rxc3 20. Qxc3 Bd6 21. h3 dxe4 22. Nc6 Qe8 {½-½ (66) Hernandez Carmenates,H (2570)-Cordova,E (2566) Havana 2012}) 12. a5 bxa5 {[%emt 0:00:00] White is better.} 13. Nb3 g5 14. Nxa5 (14. Rxa5 $6 Be7 $16) 14... Ba8 15. Qa4 {[%emt 0:06:54][%cal Oc4c5] Hoping for c5!} Be7 16. c5 $1 Kf8 17. cxd6 (17. Bxa6 Nxc5 18. Bxc5 Rxc5 $11) 17... Bxd6 18. Rfd1 Qc7 {[%emt 0:00:00] [#]} 19. Rxd6 Qxd6 20. Rd1 {[%emt 0:00:19][%mdl 64] Deflection} Qe7 21. Bxa6 Rd8 22. b4 {[%emt 0:03:58][%mdl 1024] White has strong compensation.} h6 23. b5 {[%emt 0:09:20] White has more active pieces.} (23. Nc4 $16) 23... Kg7 24. b6 Nc5 {[%emt 0:08:10] Inhibits b7.} (24... Nxb6 $1 $14 25. Bxb6 Rxd1+ 26. Nxd1 (26. Qxd1 Rb8 $16) 26... g4) 25. Qa3 $16 Rxd1+ 26. Nxd1 Qd6 27. Bxc5 ({White should try} 27. Qxc5 $16 Qxd1+ 28. Bf1) 27... Qxd1+ $11 28. Bf1 {[%emt 0:00:19] This pair of bishops is nice.} Qb1 {[%emt 0:03:17] Prevents Qb2.} (28... g4 $11 {and Black is okay.}) 29. Bd4 (29. Nc4 $18) 29... e5 $16 30. Bb2 (30. Bxe5 $6 Qxb6+ 31. Kh1 Qb1 $11) (30. Qb2 $16 Qxb2 31. Bxb2) 30... Rd8 {[%emt 0:00:20] ( -> ...Rd1)} 31. Nc4 $1 (31. Bxe5 $2 Qxb6+ $19) (31. b7 $2 Rd1 32. Kf2 Rxf1+ $19) 31... Bc6 (31... Bb7 $14) 32. Qb4 $2 (32. Nxe5 $2 Rd1 33. Qa6 Qxb2 $19) (32. Bxe5 $16 {White threatens Qe7 and mate.} Rd1 33. Ne3 (33. Bxf6+ Kxf6 34. Qb2+ Qxb2 $17) 33... Qxb6 34. Qc3) 32... Bb7 $2 (32... Rd1 $17 {[%csl Gb1][%cal Rd1f1] and life is bright.} 33. Ne3 Re1 34. Nf5+ Kh7) 33. Qa3 $2 (33. Nxe5 $2 Rd1 34. Qc4 Rxf1+ 35. Qxf1 Qxb2 $19) (33. Qb5 $1 $18 Rd1 34. Ne3 (34. Nxe5 $2 Ba6 $19)) 33... Rd1 $17 34. Ne3 Re1 35. Bxe5 {[%emt 0:02:45][%cal Oa3d6] Threatening mate with Qd6!} ({But not} 35. Nf5+ $2 Kg6 36. Ne3 Rxe3 $1 37. Qxe3 Qxb2 $19) 35... Qxb6 36. Kf2 {[%emt 0:00:11] [#]} (36. Bxf6+ $17 Qxf6 37. Kf2) 36... Rb1 $2 (36... Rxf1+ $1 $19 37. Kxf1 Qb5+ 38. Kg1 Qxe5 39. Nf5+ Kg6) 37. Qc3 $16 {[%emt 0:00:50] Threatens to win with Bd3. Really sharp!} Bxe4 38. Bxf6+ $2 ({Weaker is} 38. fxe4 Kg6 39. Bxf6 Qxf6+ 40. Qxf6+ Kxf6 $16) ({White should play} 38. Bd4 $18 Rb3 39. Qc4 (39. fxe4 Rxc3 40. Bxb6 Nxe4+ 41. Kf3 Nd2+ 42. Ke2 Nb3 $16) (39. Bxf6+ Kg6 $16)) 38... Qxf6 $14 39. Qxf6+ Kxf6 40. fxe4 Ke5 41. Bd3 Rb2+ 42. Nc2 h5 43. h3 h4 44. Ke3 f6 45. Ne1 $1 Kd6 46. Kd4 (46. Bc2 $14) 46... Rf2 47. Ke3 Rb2 48. Be2 Rb3+ 49. Nd3 Ra3 50. Kf3 Ra2 51. Bd1 Ra3 52. Ke3 Ra2 53. Nf2 Ra3+ 54. Nd3 Ra2 55. Bf3 Ra4 56. Nf2 Ke5 (56... Ra3+ $11 57. Kd4 Ra4+ 58. Kc3 Ra3+ 59. Kb2 Ra6) 57. Be2 Ra3+ 58. Bd3 $1 Ra4 59. Ng4+ Ke6 60. Bc2 Ra3+ 61. Kd4 Ra5 62. Bb3+ Ke7 63. Ne3 Kf8 64. Nf5 Rb5 65. Bd5 Rb2 66. Ne3 (66. Ke3 $5 ) 66... Rd2+ 67. Kc3 Re2 68. Kd3 Rb2 69. e5 (69. Nc2 $14) 69... fxe5 $11 70. Nc4 Rf2 71. Nxe5 Kg7 (71... Ke7 $11) 72. Bf3 $14 Ra2 73. Bd5 Rf2 74. Bf3 (74. Ng4 $5 Rf4 75. Be6 $16) 74... Ra2 $1 75. Be4 (75. Ng4 $1 $14) 75... Kf6 $11 {The position is equal.} 76. Ng4+ Ke6 77. Ke3 Ra3+ 78. Bd3 Ra4 79. Nf2 Ra3 80. Ne4 Kf5 81. Nd2+ Kf6 82. Nc4 Ra2 83. Be4 Ra4 84. Bd5 Ra1 85. Kf3 Rd1 86. Be4 Rf1+ 87. Ke2 $1 Rc1 88. Nb2 Ra1 {White must now prevent ...Ra2.} 89. Nd3 Ra4 90. Kf3 Rd4 91. Nf2 Ke5 92. Ng4+ Ke6 93. Nf2 Ke5 94. Ke3 {[%emt 0:00:17] Intending Ng4+ and mate.} Ra4 95. Nd3+ Kf6 96. Bc6 Rc4 97. Bf3 Ra4 98. Bg4 Rc4 99. Nf2 Ke5 100. Be2 Rc3+ 101. Bd3 {[%emt 0:00:34] Ne4 is the strong threat.} Ra3 102. Ne4 Kf5 103. g4+ hxg3 104. Nxg3+ Ke5 105. Ne4 Kf5 106. Nf2+ Ke5 107. Ng4+ Ke6 108. Ke4 Ra4+ 109. Kf3 Ra3 110. Nf2 Ke5 111. Kg4 Ra2 112. Nh1 (112. Kg3 {simplifies} Rxf2 113. Kxf2 Kf6 114. Kg1) 112... Rg2+ 113. Ng3 Rxg3+ 114. Kxg3 {[%emt 0:00:00][%mdl 4096] Endgame KB-KP} Kf6 115. Kg4 Kg7 116. Kf5 Kh8 117. Kg6 Kg8 118. Bc4+ Kh8 119. Kh6 g4 120. hxg4 {[%emt 0:00:30] Weighted Error Value: White=0.38/Black=0.39} 1/2-1/2

[Event "71st Greek Championship 2022"]
[Site "Athens"]
[Date "2022.12.05"]
[Round "3.4"]
[White "Alexakis, Dimitris"]
[Black "Markidis, Konstantinos"]
[Result "1-0"]
[ECO "C11"]
[WhiteElo "2486"]
[BlackElo "2290"]
[Annotator "TA"]
[PlyCount "91"]
[EventDate "2022.12.04"]
[EventType "tourn"]
[EventCountry "GRE"]
[SourceTitle "playchess.com"]
[Source "ChessBase"]
[SourceQuality "1"]
[TimeControl "40/5400+30:1800+30"]

1. e4 e6 2. d4 d5 3. Nc3 Nf6 4. e5 Nfd7 5. f4 c5 6. Nf3 Nc6 7. Be3 Be7 8. Qd2 a6 {[%emt 0:00:12] outshines the older 8...0-0.} 9. a3 {[%emt 0:05:37] C11: French: Classical System: 4 e5 and 4 Bg5 dxe4.} O-O 10. dxc5 {[%emt 0:00:23] 10.Be2 is vanishing.} Nxc5 11. Qf2 {[%emt 0:01:17] The position is equal.} b6 (11... Ne4 12. Nxe4 dxe4 13. Nd2 $16) (11... Qa5 $5 ) 12. b4 f6 13. bxc5 bxc5 {[%emt 0:00:09] [#]} 14. exf6 $146 (14. Bxc5 {is interesting.} Qa5 15. Bd4 fxe5 16. Nxe5 Nxd4 17. Qxd4 Rxf4 18. Nc6) ({Predecessor:} 14. Bxc5 Qa5 15. Bd4 fxe5 16. Nxe5 Nxd4 17. Qxd4 Rxf4 18. Nc6 Bc5 19. Qe5 Bd6 20. Qxg7+ Kxg7 21. Nxa5 {½-½ (55) Ragger,M (2694)-Bluebaum,M (2641) Novi Sad 2016}) 14... Bxf6 15. Bd2 c4 (15... Nd4 $1 $11 16. Nxd4 cxd4) 16. Be2 (16. Rb1 $16) 16... d4 $1 $14 {[%emt 0:04:59] [#] Inhibits g3.} 17. Bxc4 $1 dxc3 18. Be3 Ne7 19. O-O Qc7 20. Bb3 Kh8 21. Rad1 Ng6 22. Bc5 Be7 {[%emt 0:01:53] Prevents Bd6.} 23. Bxe7 Qxe7 24. g3 e5 25. Rfe1 (25. Qe3 $5 ) 25... Bg4 26. Rd3 Qxa3 27. Nxe5 (27. Rxc3 exf4 28. Ng5 Rf5 $15) (27. fxe5 a5 $15) (27. Ng5 {with more complications.} Bf5 28. Rf3 Bg4 29. f5) 27... Nxe5 28. Rxe5 Rae8 29. Qe1 (29. Rxc3 $2 Rxe5 30. Kg2 Re2 $19) 29... Rxe5 (29... Qc5+ {simplifies} 30. Rxc5 Rxe1+ 31. Kf2 Re2+) 30. Qxe5 h6 $2 (30... a5 $1 $11 {and Black stays safe.} 31. Rd4 (31. Rxc3 $2 Qc1+ 32. Kg2 Qd2+ 33. Kg1 Be2 $19) 31... Bh3) 31. Kg2 (31. Qxc3 Qc1+ 32. Kf2 Qh1 $17) (31. Rd6 $1 $18 Kh7 32. Qe4+ Bf5 33. Qe7) 31... Qb4 $16 32. h3 {[%emt 0:00:58] And now Rd6 would win.} (32. Qxc3 Qe4+ 33. Kg1 Bh3 $11) 32... Bf5 {[%emt 0:01:23] [#]} 33. Rd6 Kh7 {[%emt 0:01:38] [#]} 34. g4 $1 $40 {[%emt 0:00:35][%mdl 128] White wants a kill. The board is on fire.} (34. Rxa6 $2 Qb7+ 35. Kf2 Qxa6 $19) 34... Bc8 (34... Bg6 $16) 35. Kg3 $18 {[%emt 0:00:13] Strongly threatening Bd5.} Qb7 36. Bd5 (36. Qxc3 Qa7 $18) 36... Qb1 {[%emt 0:00:46] [#]} 37. Rxh6+ $3 {[%emt 0:00:14][%mdl 512] White mates.} gxh6 38. Qe7+ (38. Qxc3 $2 {too greedy.} Qg1+ 39. Bg2 Be6 $19) 38... Kg6 39. Be4+ Bf5 40. gxf5+ Rxf5 {[%emt 0:00:00] KQR-KQB} 41. Qe6+ {[%emt 0:06:28][%mdl 64] Pin} Kg7 42. Bxf5 Qg1+ 43. Kh4 Qf2+ 44. Kh5 Qf3+ 45. Bg4 Qxf4 46. Qg6+ {[%emt 0:00:16] Weighted Error Value: White=0.10 (very precise) /Black=0.37} (46. Qxa6 $2 Qg5#) 1-0

[Event "71st Greek Championship 2022"]
[Site "Athens"]
[Date "2022.12.05"]
[Round "3.5"]
[White "Koutlas, Nikolaos"]
[Black "Alexiadis, Hristos"]
[Result "1-0"]
[ECO "C54"]
[WhiteElo "2267"]
[BlackElo "2342"]
[Annotator "TA"]
[PlyCount "57"]
[EventDate "2022.12.04"]
[EventType "tourn"]
[EventCountry "GRE"]
[SourceTitle "playchess.com"]
[Source "ChessBase"]
[SourceQuality "1"]
[TimeControl "40/5400+30:1800+30"]

1. e4 e5 2. Nf3 Nc6 3. Bc4 Bc5 4. c3 Nf6 5. d4 exd4 6. b4 {[%emt 0:00:04] C54: Giuoco Piano: 4 c3 Nf6, main lines with 5 d4 and 5 d3.} (6. cxd4 $11 Bb4+ 7. Bd2) 6... Bb6 $15 7. e5 d5 8. exf6 {[%emt 0:00:16] Black is slightly better.} dxc4 9. Qe2+ (9. fxg7 Rg8 10. b5 Ne7 $17) 9... Be6 $1 (9... Kf8 10. b5 Na5 11. Qe5 $14) 10. b5 $1 (10. fxg7 Rg8 11. Bg5 Qd5 $17) 10... Na5 $1 11. fxg7 Rg8 12. cxd4 {[%emt 0:00:37] Threatens to win with 0-0.} Bxd4 $2 (12... Rxg7 13. O-O $14) (12... Qd7 $1 $15 {keeps the upper hand.} 13. d5 Qxd5) 13. Nxd4 $16 Qxd4 14. Bb2 Qd3 {[%emt 0:06:09] [#]} (14... Qf4 $142) 15. Bf6 $1 {[%emt 0:11:06] Black must now prevent Nc3.} Qg6 16. Qf3 {[%emt 0:07:53] [#] 0-0 is the strong threat.} Bd5 $146 {[%emt 0:09:31] [#]} ({Predecessor:} 16... Rxg7 17. Nd2 Qxg2 18. Qa3 {1-0 (18) Romero Holmes,A (2445)-Estremera Panos,S (2315) Leon 1989}) 17. Qxd5 (17. Qe3+ $1 $18 Be6 18. Qd4 Rxg7 19. Nc3 (19. Bxg7 Rd8 $15)) 17... Qxf6 $14 {[%emt 0:00:11] [#]} 18. O-O $1 {[%emt 0:00:18] Intending Re1+ and mate. Chess con chili.} Rxg7 $1 19. Nd2 $1 $40 {[%emt 0:02:09][%cal Bb1d2,Bd2e4,Be4g3][%mdl 160] Black needs to defend precisely.} Kf8 20. Ne4 {[%emt 0:09:40][%mdl 1024] Inhibits Qg5. White has compensation.} Qe6 21. Qc5+ Qe7 {[%emt 0:00:33] Strongly threatening ...Qxc5.} 22. Qf5 {[%emt 0:00:14] And now Rfe1 would win.} Qe6 23. Qf3 {[%emt 0:01:08] White is more active.} f5 $2 {[%emt 0:27:09][%mdl 8192] Black cannot hold the game after this.} (23... Qg4 $2 24. Qa3+ Kg8 25. Nf6+ (25. Qxa5 $2 Qxg2#) 25... Kh8 26. Nxg4 $18) ({Better is} 23... a6 $1 $14) 24. Ng3 $18 Kg8 $2 (24... f4 25. Nh5 (25. Qxf4+ Rf7 $16) 25... Re7) 25. Rfe1 ({Worse is} 25. Qxf5 Qxf5 26. Nxf5 Rg5 $15) ({Weaker is} 25. Nxf5 Rg5 26. Ne3 Rf8 $11) 25... Qg6 26. Nxf5 {[%emt 0:00:34] aiming for Re7.} Rf8 $2 (26... Rf7) 27. Qd5+ {[%emt 0:00:06] White is clearly winning.} Kh8 28. Nxg7 Qxg7 29. Rad1 {[%emt 0:01:14] Weighted Error Value: White=0.20 (precise) /Black=0.50} 1-0

[Event "71st Greek Championship 2022"]
[Site "Athens"]
[Date "2022.12.06"]
[Round "4.1"]
[White "Skembris, Spyridon"]
[Black "Alexiadis, Hristos"]
[Result "1/2-1/2"]
[ECO "A29"]
[WhiteElo "2381"]
[BlackElo "2342"]
[Annotator "TA"]
[PlyCount "74"]
[EventDate "2022.12.04"]
[EventType "tourn"]
[EventCountry "GRE"]
[SourceTitle "playchess.com"]
[Source "ChessBase"]
[SourceQuality "1"]
[TimeControl "40/5400+30:1800+30"]

1. c4 e5 2. g3 Nf6 3. Bg2 d5 4. cxd5 Nxd5 5. Nc3 Nb6 6. Nf3 Nc6 7. O-O Be7 8. a3 O-O 9. b4 Re8 10. d3 Bf8 11. Bb2 Bg4 12. h3 {[%emt 0:05:33] A29: English Opening: Four Knights Variation with 4 g3.} Be6 13. Rc1 a5 14. b5 Nd4 15. Nxd4 $1 exd4 16. Na4 Bd5 {[%emt 0:04:41] [#]} 17. Nxb6 $146 ({Predecessor:} 17. Bxd5 Nxd5 18. Rc4 Qd7 19. Rxd4 Qxb5 20. e3 Rad8 21. Rh4 Nb6 22. Nxb6 Qxb2 23. Qh5 {1-0 (40) Seidens,U (2204)-Scheidt,K (2063) Bayern 2004}) 17... cxb6 18. a4 Bc5 19. Bxd5 Qxd5 20. Rc4 Rad8 21. Kh2 Qe6 $1 22. Re1 Qf5 23. Rf1 Re6 24. f4 Rh6 25. h4 Re6 26. Rf2 Qg4 27. Qf1 Rde8 28. Bxd4 Rxe2 29. Bxc5 bxc5 30. Rxc5 Re1 {[%emt 0:01:56] Inhibits d4.} (30... h6 $15 31. Re5 (31. Rxe2 $2 Rxe2+ 32. Kh1 Re3 $19) 31... R2xe5 32. fxe5 Qxa4 33. Rxf7 Rxe5) 31. Qg2 $11 h5 (31... b6 $11 {and Black has nothing to worry.} 32. Re5 R8xe5 33. fxe5 h6) 32. Re5 $2 {[%emt 0:03:08] [#]} (32. Rg5 Qd1 33. Re5 (33. Qxb7 $2 R1e2 $19) 33... Qxa4 $11) (32. Qxb7 $18 {[%cal Oc5e5] Strongly threatening Re5!} Qd1 33. Re5) 32... R8xe5 {[%emt 0:01:31] The position is equal.} 33. fxe5 Re3 34. d4 (34. Qxb7 $2 {gets mated.} Qxg3+ 35. Kh1 Re1+) 34... g5 35. Qh3 {[%emt 0:00:30] [#] Hoping for Qxg4.} (35. Qxb7 $2 {leads to mate.} Qxg3+ 36. Kh1 Re1+) 35... gxh4 36. Qxh4 Qxh4+ 37. gxh4 Re4 {[%emt 0:00:30] Against Rf4.   Weighted Error Value: White=0.11 (very precise) /Black=0.16 (very precise)} 1/2-1/2